 Dungeon Crawl Stone Soup version 0.32-a0-571-gec57dfcd37 (webtiles) character file.

Game seed: 4885463152357548152

2309 CougarLife the Geomancer (level 9, -2/45 HPs)
             Began as a Gargoyle Earth Elementalist on Mar 1, 2024.
             Was a Follower of Vehumet.
             Slain by an orc
             ... wielding a +0 flail
              (3 damage)
             ... on level 6 of the Dungeon.
             The game lasted 00:06:35 (5750 turns).

CougarLife the Geomancer (GrEE)                     Turns: 5750, Time: 00:06:36

Health: -2/45      AC:  9    Str: 12    XL:     9   Next: 41%
Magic:  1/19       EV: 11    Int: 20    God:    Vehumet [*.....]
Gold:   378        SH:  0    Dex: 10    Spells: 17/21 levels left

rFire   . . .        C - staff of earth
rCold   . . .        (no shield)
rNeg    + . .        a - +0 robe
rPois   ∞            (no helmet)
rElec   +            A - +0 cloak
rCorr   .            (no gloves)
SInv    .            (no boots)
Will    .....        (no amulet)
Stlth   ++           (no ring)
HPRegen 0.27/turn    (no ring)
MPRegen 0.16/turn

%: no passive effects
@: no status effects
A: sickness immunity, AC +6, negative energy resistance 1, electricity
resistance, torment resistance 1, petrification resistance
a: Renounce Religion


You were on level 6 of the Dungeon.
You worshipped Vehumet.
Vehumet was aware of your devotion.
You visited 2 branches of the dungeon, and saw 7 of its levels.
You also visited: Sewer.

You collected 378 gold pieces.

Inventory:

Armour
 a - a +0 robe (worn)
 A - a +0 cloak (worn)
Magical Staves
 C - a staff of earth (weapon)
Wands
 y - a wand of flame (15)
Scrolls
 d - a scroll of amnesia {unknown}
 f - a scroll of silence {unknown}
 j - 3 scrolls of blinking {unknown}
 m - a scroll of fear {unknown}
 n - 3 scrolls of teleportation
 o - a scroll of immolation {unknown}
 p - 2 scrolls of vulnerability {unknown}
 r - a scroll of noise {unknown}
 s - a scroll of poison {unknown}
 x - a scroll of enchant armour {unknown}
 z - a scroll of acquirement {unknown}
Potions
 b - 2 potions of magic
 c - 2 potions of cancellation {unknown}
 e - a potion of degeneration {unknown}
 g - 7 potions of curing
 h - 4 potions of heal wounds {unknown}
 k - 2 potions of invisibility {unknown}
 l - a potion of attraction {unknown}
 q - a potion of brilliance {unknown}
 t - 2 potions of ambrosia {unknown}
 u - a potion of might {unknown}
 v - 3 potions of mutation {unknown}
 w - a potion of resistance {unknown}
 B - a potion of lignification {unknown}


   Skills:
 - Level 1.5 Dodging
 - Level 2.1 Stealth
 + Level 6.8 Spellcasting
 + Level 7.7 Conjurations
 + Level 9.2 Earth Magic


You had 17 spell levels left.
You knew the following spells:

 Your Spells              Type           Power      Damage    Failure   Level
a - Sandblast             Erth           100%       2d20      1%          1
b - Stone Arrow           Conj/Erth      100%       3d13      1%          3

Your spell library contained the following spells:

 Spells                   Type           Power      Damage    Failure   Level
 Shock                    Conj/Air       88%        1d8       1%          1
 Passwall                 Erth           60%        N/A       1%          3
 Brom's Barrelling Bould  Conj/Erth      57%        2d7       3%          4
 Summon Small Mammal      Summ           24%        N/A       10%         1
 Petrify                  Alch/Erth      38%        N/A       14%         4
 Fulminant Prism          Conj/Alch      11%        3d8       19%         4
 Iskenderun's Mystic Bla  Conj/Tloc      22%        2d6       19%         4
 Call Canine Familiar     Summ           6%         N/A       28%         3
 Inner Flame              Hex/Fire       6%         N/A       28%         3
 Tukima's Dance           Hex            6%         N/A       28%         3
 Volatile Blastmotes      Fire/Tloc      12%        2d11      28%         3
 Irradiate                Conj/Alch      11%        3d15      47%         5
 Passage of Golubria      Tloc           6%         N/A       67%         4
 Summon Blazeheart Golem  Fire/Summ      6%         N/A       67%         4
 Yara's Violent Unravell  Hex/Alch       3%         3d4       95%         5
 Malign Gateway           Summ/Tloc      3%         N/A       100%        7
 Ignition                 Fire           3%         3d4       100%        8
 Summon Horrible Things   Summ           3%         N/A       100%        8


Dungeon Overview and Level Annotations

Branches:
Dungeon (6/15)             Temple (1/1) D:5           Sewer (visited)

Altars:
Ashenzari
Dithmenos
Fedhas
Gozag
Hepliaklqana
Kikubaaqudgha
Makhleb
Nemelex Xobeh
Qazlal
Ru
Sif Muna
Vehumet
Xom
Yredelemnul
Zin
The Shining One

Shops:
D:2 [   D:3 =

Annotations:
D:6 Edmund


Innate Abilities, Weirdness & Mutations

You are immune to sickness and miasma.
Your stone body is resilient. (AC +6)
You are immune to poison.
You resist negative energy. (rN+)
You are resistant to electric shocks. (rElec)
You are resistant to unholy torment.
You are immune to petrification.


Message History

Edmund hits you with a +6 dire flail of protection!
Casting: Stone Arrow (safe; 1% risk of failure)
Confirm with . or Enter, or press ? or * to list all spells.
Aiming: Stone Arrow (safe; 1% risk of failure)
Press: ? - help, Shift-Dir - straight line, f/p - Edmund
Aim: Edmund, wielding a +6 dire flail of protection and wearing a +0 scale mail (moderately wounded, 81% to hit)
You feel a surge of power!
The stone arrow hits Edmund!!
Edmund is severely wounded.
The orc barely misses you. Edmund barely misses you.
Casting: Stone Arrow (safe; 1% risk of failure)
Confirm with . or Enter, or press ? or * to list all spells.
Aiming: Stone Arrow (safe; 1% risk of failure)
Press: ? - help, Shift-Dir - straight line, f/p - Edmund
Aim: Edmund, wielding a +6 dire flail of protection and wearing a +0 scale mail (severely wounded, 81% to hit)
You feel a surge of power!
The stone arrow hits Edmund.
Edmund is almost dead.
The orc barely misses you.
Edmund hits you with a +6 dire flail of protection!
* * * LOW HITPOINT WARNING * * *
Casting: Stone Arrow (safe; 1% risk of failure)
Confirm with . or Enter, or press ? or * to list all spells.
Aiming: Stone Arrow (safe; 1% risk of failure)
Press: ? - help, Shift-Dir - straight line, f/p - Edmund
Aim: Edmund, wielding a +6 dire flail of protection and wearing a +0 scale mail (almost dead, 81% to hit)
You feel a surge of power!
The stone arrow hits Edmund.
Edmund is almost dead.
The orc hits you but does no damage.
Edmund asks, "Have you met my wondrous brother?"
Edmund hits you with a +6 dire flail of protection.
* * * LOW HITPOINT WARNING * * *
Casting: Stone Arrow (safe; 1% risk of failure)
Confirm with . or Enter, or press ? or * to list all spells.
Aiming: Sandblast (safe; 1% risk of failure)
Press: ? - help, Shift-Dir - straight line, f/p - Edmund
Aim: Edmund, wielding a +6 dire flail of protection and wearing a +0 scale mail (almost dead, 87% to hit)
You feel a surge of power!
The blast of sand hits Edmund but does no damage.
Edmund is almost dead.
Edmund completely misses you. The orc hits you with a +0 flail.
You die...

#####........
#.....####... #######
####.##### #### .......
#....# .......##.#### ##
≈≈≈≈...#..# #.
≈≈.......## ##.
...ß....####### #.. ##
≈≈..).@@....... ##..###.
≈≈≈≈...o........#[ ..##.
................#. #.##.
##.....)..........##.##.
#...................##.
...###..........##..[...
.## ###...............>
.....)...###...( ......#
#.....


You could see Edmund and an orc.

Vanquished Creatures
  Grinder (D:4)
  Menkaure (D:6)
  An ogre (D:3)
  3 ice beasts
  A sky beast (D:4)
  A black bear (D:4)
  3 centaurs
  A phantom (D:5)
  A bullfrog (D:4)
  A scorpion (D:6)
  5 wights
  5 hounds
  2 jellies (Sewer)
  An orc priest (D:6)
  Ijyb (D:3)
  Jessica (D:2)
  3 iguanas
  5 orc wizards
  11 adders
  3 gnolls (D:5)
  A white imp (D:5)
  2 dart slugs (D:3)
  5 ribbon worms
  19 orcs
  17 endoplasms
  6 giant cockroaches
  11 goblins
  5 hobgoblins
  2 jackals (D:1)
  3 kobolds
  3 quokkas
  3 ball pythons
  4 bats
  6 frilled lizards
  8 rats
146 creatures vanquished.

Notes
Turn   | Place    | Note
-------+----------+-------------------------------------------
     0 | D:1      | CougarLife the Gargoyle Earth Elementalist began the quest
                  | for the Orb.
     0 | D:1      | Reached XP level 1. HP: 10/10 MP: 3/3
   336 | D:1      | Reached XP level 2. HP: 15/15 MP: 0/5
   840 | D:1      | Reached skill level 4 in Earth Magic
  1185 | D:2      | Noticed Jessica
  1189 | D:2      | Killed Jessica
  1190 | D:2      | Reached XP level 3. HP: 19/19 MP: 2/7
  1432 | D:2      | Found Esakath's Antique Armour Emporium.
  1468 | D:2      | Reached XP level 4. HP: 24/24 MP: 3/8
  1911 | D:3      | Found Gudatin's Jewellery Emporium.
  1981 | D:3      | Found a glowing drain.
  2010 | Sewer    | Entered a sewer
  2161 | Sewer    | Reached XP level 5. HP: 28/28 MP: 7/9
  2425 | Sewer    | Reached skill level 5 in Earth Magic
  2480 | Sewer    | Found a viscous altar of Jiyva.
  2650 | D:3      | Noticed Ijyb
  2658 | D:3      | Killed Ijyb
  2659 | D:3      | Reached XP level 6. HP: 6/32 MP: 3/11
  2766 | D:3      | Learned a level 3 spell: Stone Arrow
  3318 | D:4      | Noticed a black bear
  3325 | D:4      | Killed a black bear
  3326 | D:4      | Reached skill level 6 in Earth Magic
  3326 | D:4      | Reached XP level 7. HP: 33/36 MP: 6/13
  3738 | D:4      | Noticed Grinder
  3746 | D:4      | Paralysed by Grinder for 4 turns
  3750 | D:4      | Killed Grinder
  3751 | D:4      | Reached skill level 5 in Conjurations
  4022 | D:4      | Reached skill level 5 in Spellcasting
  4022 | D:4      | Reached skill level 7 in Earth Magic
  4022 | D:4      | Reached XP level 8. HP: 38/41 MP: 8/15
  4269 | D:5      | Entered Level 5 of the Dungeon
  4393 | D:5      | Found a staircase to the Ecumenical Temple.
  4401 | Temple   | Entered the Ecumenical Temple
  4470 | Temple   | Became a worshipper of Vehumet
  5026 | D:5      | Reached * piety under Vehumet
  5026 | D:5      | Offered knowledge of Shock by Vehumet.
  5027 | D:5      | Reached skill level 8 in Earth Magic
  5338 | D:5      | Reached XP level 9. HP: 8/45 MP: 7/18
  5601 | D:6      | Noticed Menkaure
  5605 | D:6      | Killed Menkaure
  5606 | D:6      | Reached skill level 9 in Earth Magic
  5739 | D:6      | Noticed Edmund
  5749 | D:6      | HP: 1/45 [Edmund/+6 dire flail of protection (5)]
  5750 | D:6      | Slain by an orc

Illustrated notes

Levels and vault maps discovered:
D:1:      wander_arrival_desolate, layout_loops_corners
D:2:      layout_rooms, serial_shops, shop, kennysheep_jessica_study
D:3:      minmay_chambers_of_threes, layout_loops_ring, serial_shops, shop,
          serial_glass, glass_columns_a, glass_columns_a,
          cheibrodos_sewer_entry_drain, uniq_ijyb
D:4:      layout_gridville, serial_forest, infiniplex_forest_clump_medium,
          infiniplex_forest_end_2, infiniplex_forest_clump_double,
          infiniplex_forest_lined_2, infiniplex_forest_end_2,
          infiniplex_forest_end_2, infiniplex_forest_clump_small, uniq_grinder
D:5:      layout_loops_cross, minmay_temple_entry_arrows, st_stairs_7,
          minmay_misc_feat_pillars
D:6:      layout_rooms, mainiacjoe_overflow_catwalk, kennysheep_generic_room_13,
          uniq_edmund, uniq_menkaure
Temple:   minmay_temple_bridge_d

Skill      XL: |  1  2  3  4  5  6  7  8  9 |
---------------+----------------------------+-----
Earth Magic    | 4 5 6 7 8 9 |  9.2
Conjurations   | 2 3 4 5 7 |  7.7
Spellcasting   | 3 4 5 6 |  6.8
Dodging        | |  1.5
Stealth        | |  2.1

Action                     |  1- 3 |  4- 6 |  7- 9 || total
---------------------------+-------+-------+-------++-------
  Melee: Unarmed           |    14 |       |       ||    14
         Dagger            |     1 |     8 |       ||     9
         Staff             |       |       |     2 ||     2
   Cast: Sandblast         |    38 |    87 |   108 ||   233
         Stone Arrow       |       |     2 |     7 ||     9
    Use: Scroll            |       |       |     4 ||     4
 Armour: Robe              |    12 |    24 |    36 ||    72
  Dodge: Dodged            |    18 |    17 |    25 ||    60

Table legend: (Time is in decaauts)
 A = Elapsed time spent in this place.
 B = Non-inter-level travel time spent in this place.
 C = Inter-level travel time spent in this place.
 D = Time resting spent in this place.
 E = Time spent auto-exploring this place.
 F = Levels seen in this place.
 G = Mean time per level.
                   A        B        C        D        E       F      G
               +--------+--------+--------+--------+--------+-----+--------+
         Total |   5889 |   5583 |    306 |    434 |   4257 |   8 |  736.1 |
       Dungeon |   5162 |   4990 |    172 |    384 |   3836 |   6 |  860.3 |
        Temple |    138 |      4 |    134 |      0 |      0 |   1 |  138.0 |
         Sewer |    588 |    588 |      0 |     50 |    420 |   1 |  588.0 |
               +--------+--------+--------+--------+--------+-----+--------+

Top non-repeatable levels by time:
     D:5: 1084 daAuts
     D:1: 1058 daAuts
     D:3: 1021 daAuts
     D:4: 964 daAuts
     D:2: 737 daAuts
   Sewer: 588 daAuts
     D:6: 297 daAuts
  Temple: 138 daAuts
